 Dungeon Crawl Stone Soup version 0.29-a0-243-g602b31c20e (webtiles) character file.

Game seed: 1934053933770474576

3 spaghetti the Sneak (level 1, 0/18 HPs)
             Began as a Demigod Delver on Mar 4, 2022.
             Slain by a worm (8 damage)
             ... on level 3 of the Dungeon.
             The game lasted 00:01:24 (946 turns).

spaghetti the Sneak (Demigod Delver)                 Turns: 946, Time: 00:01:24

Health: 0/18       AC:  3    Str: 13    XL:     1   Next: 33%
Magic:  3/3        EV: 11    Int: 12    God:
Gold:   46         SH:  0    Dex: 15    Spells: 0/0 levels left

rFire   . . .      SeeInvis .     - Unarmed
rCold   . . .      Faith    .   (no shield)
rNeg    . . .      Spirit   .   a - +0 leather armour
rPois   .          Reflect  .   (no helmet)
rElec   .          Harm     .   (no cloak)
rCorr   .          Rampage  .   (no gloves)
Will    .....                   (no boots)
Stlth   +++.......              (no amulet)
HPRegen 0.06/turn               (no ring)
MPRegen 0.08/turn               (no ring)

@: no status effects
A: high MP 1, forlorn, divine attributes
a: no special abilities


You were on level 3 of the Dungeon.
You visited 1 branch of the dungeon, and saw 4 of its levels.

You collected 46 gold pieces.


Innate Abilities, Weirdness & Mutations

You have an increased reservoir of magic. (+10% MP)
You shall have no god before yourself.
Your divine heritage dramatically boosts your attributes as you level up.


   Skills:
 + Level 2.9 Fighting
 - Level 1.7 Dodging
 - Level 4.5 Stealth
 - Level 1.7 Unarmed Combat


You couldn't memorise any spells.
You didn't know any spells.
Your spell library contained the following spells:

 Spells                   Type           Power      Damage    Failure   Level
 Sandblast                Erth           0%         2d4       38%         1
 Passwall                 Tmut/Erth      0%         N/A       54%         2
 Stone Arrow              Conj/Erth      0%         3d7       77%         3

Inventory:

Armour
 a - a +0 leather armour (worn)
Wands
 f - a wand of digging (3)
Scrolls
 b - a scroll of fog
 c - a scroll of magic mapping {!r}
Potions
 d - 2 potions of brilliance {unknown}

Dungeon Overview and Level Annotations

Branches:
Dungeon (6/15)
 Temple: D:4-7

Annotations:
D:4 Edmund

###.....+..........#
####.....#..........#
#........#.###########
#w...#####...........#
#........#.####......#####
#........#'####..........#
####.....................#
#............####.....##
#......@.....##.........
#.####.w.....##....#....
##+###......#.##....#....
#...........#............
#...........'......#...##
#...........######+#...#
##............ ...#
#.....###..... ...#
......# #..... .###


You could see a worm.


Message History

You hit the giant cockroach.
The giant cockroach bites you but does no damage.
You closely miss the giant cockroach. The giant cockroach misses you.
You hit the giant cockroach but do no damage.
You punch the giant cockroach. The giant cockroach barely misses you.
The giant cockroach misses you.
You completely miss the giant cockroach.
The giant cockroach barely misses you.
You barely miss the giant cockroach. The giant cockroach barely misses you.
You barely miss the giant cockroach. The giant cockroach closely misses you.
You hit the giant cockroach.
You kill the giant cockroach!
The worm bites you!
Ouch! That really hurt!
* * * LOW HITPOINT WARNING * * *
😨 HP[-9]
You take 9 damage, and now have 7/18 hp.
MASSIVE DAMAGE!! (PAUSE)
You aren't carrying any potions.
Unknown command. 😨 HP[+1]
There is an open door here.
You close the door.
There is an open door here.
You close the door.
You start resting.
Something unseen opens the door.
You sense a monster nearby. 😕 HP[+6]
You regained 6 hp, and now have 14/18 hp.
You close the door.
Something unseen opens the door.
Okay, then.
You start resting.
An orc comes into view. It is wielding a +0 club.
The orc shouts!
You hit the orc.
The orc hits you with a +0 club. 😮 HP[-2]
You take 2 damage, and now have 12/18 hp.
You are too injured to fight recklessly!
You are too injured to fight recklessly!
You are too injured to fight recklessly!
You are too injured to fight recklessly!
You are too injured to fight recklessly!
You are too injured to fight recklessly!
You are too injured to fight recklessly!
You are too injured to fight recklessly!
You are too injured to fight recklessly!
You are too injured to fight recklessly!
You are too injured to fight recklessly!
You hit the orc but do no damage. The orc closely misses you.
You hit the orc but do no damage. The orc hits you with a +0 club.
* * * LOW HITPOINT WARNING * * *
😨 HP[-4]
You take 4 damage, and now have 8/18 hp.
MASSIVE DAMAGE!! (PAUSE)
You hit the orc. The orc hits you but does no damage.
You hit the orc but do no damage. The orc hits you with a +0 club.
* * * LOW HITPOINT WARNING * * *
😱 HP[-4]
You take 4 damage, and now have 4/18 hp.
MASSIVE DAMAGE!! (PAUSE)
You completely miss the orc. The orc barely misses you.
You closely miss the orc. The orc barely misses you.
You barely miss the orc. The orc misses you.
You hit the orc.
You kill the orc!
You start resting. 😎 HP[+14]
Your hp is fully restored (18).
You close the door, pushing everything out of the way.
Unknown command.
You open the door.
There is an open door here.
d - 2 white potions You close the door.
You start waiting.
A worm is nearby!
There is an open door here.
You hit the worm. The worm barely misses you.
You barely miss the worm. You hit the worm.
The worm bites you but does no damage.
You hit the worm. You hit the worm. The worm bites you. 😕 HP[-1]
You take 1 damage, and now have 17/18 hp.
You barely miss the worm. You hit the worm. The worm bites you. 😕 HP[-2]
You take 2 damage, and now have 15/18 hp.
You hit the worm but do no damage. You barely miss the worm.
The worm barely misses you.
You hit the worm. The worm bites you!
* * * LOW HITPOINT WARNING * * *
You are too injured to fight recklessly! 😨 HP[-7]
You take 7 damage, and now have 8/18 hp.
MASSIVE DAMAGE!! (PAUSE)
You hit the worm. You barely miss the worm. The worm bites you!
You die...

Action                   || total
-------------------------++-------
Melee: Unarmed           ||    50
       Punch             ||     1
  Use: Scroll            ||     1
       Potion            ||     1
Armor: Leather armour    ||     7
Dodge: Dodged            ||    20

Levels and vault maps discovered:
D:3:      layout_basic, grunt_temple_overflow_gold_and_silver,
          minmay_misc_feat_more_columns
D:4:      layout_gridville, minmay_temple_entry_proselytizer,
          minmay_misc_feat_square, palyth_stone_intersect,
          ebering_dispersal_statue_hall, kennysheep_generic_room_5, uniq_edmund
D:5:      layout_layer_cave, nicolae_elyvilon_temple_path
D:6:      layout_loops_corners, trog_wizard, uniq_eustachio

Notes
Turn   | Place    | Note
-------+----------+-------------------------------------------
     0 | D:5      | spaghetti the Demigod Delver began the quest for the Orb.
     0 | D:5      | Reached XP level 1. HP: 18/18 MP: 3/3
     0 | D:5      | magus.rc [v1.9.6]
    14 | D:5      | Noticed a sky beast
    22 | D:5      | Noticed a phantom
    28 | D:5      | HP: 4/18 [phantom (9)]
    33 | D:4      | Noticed Edmund
    40 | D:4      | You pick up a book of Geomancy and begin reading...
    40 | D:4      | You add the spells Sandblast, Passwall and Stone Arrow to
                  | your library.
    41 | D:4      | Noticed an iguana
   290 | D:3      | HP: 4/18 [worm (9)]
   681 | D:3      | HP: 4/18 [orc/+0 club (4)]
   946 | D:3      | Slain by a worm

Vanquished Creatures
  An orc (D:3)
  A giant cockroach (D:3)
2 creatures vanquished.

Table legend:
 A = Non-vault XP
 B = Vault XP
 C = Vault XP percentage of total XP
 D = Non-vault monster count
 E = Vault monster count
 F = Vault count percentage of total count
                 A         B        C        D         E       F
            +---------+---------+-------+---------+---------+-------
      Total |       5 |       0 |   0.0 |       2 |       0 |   0.0
            +---------+---------+-------+---------+---------+-------
        D:3 |       5 |       0 |   0.0 |       2 |       0 |   0.0
            +---------+---------+-------+---------+---------+-------

Illustrated notes

Table legend:
 A = Kills in this place as a percentage of kills in entire the game.
 B = Kills by you in this place as a percentage of kills by you in the entire game.
 C = Kills by friends in this place as a percentage of kills by friends in the entire game.
 D = Other kills in this place as a percentage of other kills in the entire game.
 E = Experience gained in this place as a percentage of experience gained in the entire game.
 F = Experience gained in this place divided by the number of levels of this place that you have seen.
                   A       B       C       D       E      F
               +-------+-------+-------+-------+-------+----------------------
         Total | 100.0 | 100.0 |   N/A |   N/A | 100.0 |   1.2
       Dungeon | 100.0 | 100.0 |   N/A |   N/A | 100.0 |   1.2
               +-------+-------+-------+-------+-------+----------------------

Table legend: (Time is in decaauts)
 A = Elapsed time spent in this place.
 B = Non-inter-level travel time spent in this place.
 C = Inter-level travel time spent in this place.
 D = Time resting spent in this place.
 E = Time spent auto-exploring this place.
 F = Levels seen in this place.
 G = Mean time per level.
                   A        B        C        D        E       F      G
               +--------+--------+--------+--------+--------+-----+--------+
         Total |    925 |    925 |      0 |    689 |     82 |   4 |  231.2 |
       Dungeon |    925 |    925 |      0 |    689 |     82 |   4 |  231.2 |
               +--------+--------+--------+--------+--------+-----+--------+

Top non-repeatable levels by time:
     D:3: 883 daAuts
     D:5: 29 daAuts
     D:4: 9 daAuts
     D:6: 2 daAuts
